 Dungeon Crawl Stone Soup version 0.28.0-47-ge53b351184 (webtiles) character file.

Game seed: 17659927222160981511

7 nickcage the Sneak (level 1, -2/9 HPs)
             Began as a Spriggan Enchanter on May 3, 2022.
             Frozen to death by an endoplasm (3 damage)
             ... on level 1 of the Dungeon.
             The game lasted 00:00:34 (383 turns).

nickcage the Sneak (Spriggan Enchanter)              Turns: 383, Time: 00:00:35

Health: -2/9       AC:  2    Str:  4    XL:     1   Next: 91%
Magic:  5/5        EV: 17    Int: 16    God:
Gold:   20         SH:  0    Dex: 15    Spells: 5/5 levels left

rFire   . . .      SeeInvis +   a - +1 dagger
rCold   . . .      Faith    .   (no shield)
rNeg    . . .      Spirit   .   b - +0 robe
rPois   .          Reflect  .   (helmet restricted)
rElec   .          Harm     .   (no cloak)
rCorr   .          Rampage  .   (gloves unavailable)
Will    .....                   (boots unavailable)
Stlth   +++.......              (no amulet)
HPRegen 0.03/turn               (no ring)
MPRegen 0.09/turn               (no ring)

@: very quick
A: very small, no large weapons, unfitting armour, see invisible, speed 3
a: no special abilities


You were on level 1 of the Dungeon.
You visited 1 branch of the dungeon, and saw 1 of its levels.

You collected 20 gold pieces.

Inventory:

Hand Weapons
 a - a +1 dagger (weapon)
Armour
 b - a +0 robe (worn)
Scrolls
 d - a scroll of magic mapping {unknown}
 e - a scroll of teleportation {unknown}
Potions
 c - a potion of invisibility


   Skills:
 - Level 1.1 Short Blades
 - Level 2.6 Dodging
 - Level 4.4 Stealth
 + Level 2.9 Spellcasting
 + Level 4.1 Hexes


You had 5 spell levels left.
You didn't know any spells.
Your spell library contained the following spells:

 Spells                   Type           Power      Damage    Failure   Level
 Confusing Touch          Hex            15%        N/A       11%         3
 Tukima's Dance           Hex            15%        N/A       11%         3
 Ensorcelled Hibernation  Hex/Ice        18%        N/A       12%         2
 Dazzling Flash           Conj/Hex       18%        N/A       24%         3


Dungeon Overview and Level Annotations

Branches:
Dungeon (1/15)

Altars:


Innate Abilities, Weirdness & Mutations

You are very small and have problems with some larger weapons.
You are too small for most types of armour.
You have supernaturally acute eyesight. (SInv)
You cover ground extremely quickly. (Speed+++)


Message History

Found a short sword.
A bat comes into view.
The helpless bat fails to defend itself.
You puncture the bat!
You kill the bat!
You open the door.
Found 17 stones.
You open the door.
There is an open door here.
An endoplasm comes into view.
You completely miss the endoplasm. The endoplasm misses you.
You hit the endoplasm but do no damage. The endoplasm freezes you.
You are frozen.
You hit the endoplasm but do no damage. The endoplasm closely misses you.
You hit the endoplasm.
The endoplasm is moderately wounded.
The endoplasm freezes you.
You are frozen.
You hit the endoplasm.
The endoplasm is heavily wounded.
The endoplasm freezes you.
You are frozen.
Ouch! That really hurt!
* * * LOW HITPOINT WARNING * * *
You are too injured to fight recklessly!
You are too injured to fight recklessly!
You are too injured to fight recklessly!
You are too injured to fight recklessly!
You hit the endoplasm.
The endoplasm is severely wounded.
The endoplasm closely misses you.
You barely miss the endoplasm.
The endoplasm is severely wounded.
The endoplasm closely misses you.
You hit the endoplasm.
The endoplasm is almost dead.
The endoplasm freezes you.
You are frozen.
You die...

## ##.. ###
.....##.##
...#...###
....... #J..# #@#
#.# #.# ##'##
##...## ##.....##
##.......##
#.........####...
+.........'...(..


You could see an endoplasm.

Vanquished Creatures
  A giant cockroach (D:1)
  2 hobgoblins (D:1)
  2 bats (D:1)
  2 frilled lizards (D:1)
7 creatures vanquished.

Notes
Turn   | Place    | Note
-------+----------+-------------------------------------------
     0 | D:1      | nickcage the Spriggan Enchanter began the quest for the
                  | Orb.
     0 | D:1      | Reached XP level 1. HP: 9/9 MP: 5/5
   383 | D:1      | Frozen to death by an endoplasm

Illustrated notes

Levels and vault maps discovered:
D:1:      nicolae_arrival_memento_mori, layout_loops_corners,
          serial_bayou_pond_b, minmay_tripent

Skill      XL: |  1 |
---------------+----+-----
Hexes          | 4 |  4.1
Short Blades   | |  1.1
Dodging        | |  2.6
Stealth        | |  4.4
Spellcasting   | |  2.9

Action                   || total
-------------------------++-------
Melee: Dagger            ||    33
 Stab: Sleeping          ||     4
Armor: Robe              ||     1
Dodge: Dodged            ||    18
